 Dungeon Crawl Stone Soup version 0.25.1-2-g60ff931df9 (webtiles) character file.

Game seed: 239847337080855971

12189 gbos the Grappler (level 11, -2/120 HPs)
             Began as an Octopode Berserker on Nov 16, 2020.
             Was an Elder of Trog.
             Killed from afar by an oklob plant (16 damage)
             ... with a splash of acid
             ... on level 2 of the Lair of Beasts.
             The game lasted 00:02:23 (14768 turns).

gbos the Grappler (Octopode Berserker)             Turns: 14768, Time: 00:02:24

Health: -2/120     AC: -3    Str: 16    XL:     11   Next: 89%
Magic:  0/11       EV: 17    Int: 10    God:    Trog [****..]
Gold:   694        SH: 15    Dex: 15    Spells: 10/10 levels left

rFire    . . .     SeeInvis +     - Unarmed
rCold    . . .     Gourm    .   r - +0 tower shield
rNeg     + . .     Faith    .   (helmet restricted)
rPois    .         Spirit   +   p - amulet of guardian spirit
rElec    .         Reflect  .   a - ring of see invisible
rCorr    .         Harm     .   k - +4 ring of evasion
MR       .....                  v - ring of positive energy
Stlth    ..........             s - +4 ring of slaying {mikee}
HPRegen  0.30/turn              (no ring)
MPRegen  0.12/turn              (no ring)
                                (no ring)
                                (no ring)

@: berserking, corroded, very quick
A: almost no armour, stealthy swim, amphibious, 8 rings, constrict 8, camouflage
1, gelatinous body 1
a: Berserk, Trog's Hand, Brothers in Arms, Renounce Religion


You were on level 2 of the Lair of Beasts.
You worshipped Trog.
Trog was greatly pleased with you.
You were not hungry.

You visited 2 branches of the dungeon, and saw 13 of its levels.

You collected 694 gold pieces.


Innate Abilities, Weirdness & Mutations

You cannot wear most types of armour.
You are very stealthy in the water. (Stealth+)
You are amphibious.
You can wear up to eight rings at the same time.
You can use your tentacles to constrict eight enemies at once.
Your skin changes colour to match your surroundings (Stealth+).
Your rubbery body absorbs attacks. (AC +1, EV +1)


   Skills:
 - Level 9.4 Fighting
 - Level 6.1 Dodging
 + Level 7.4 Shields
 - Level 13.5 Unarmed Combat


You had 10 spell levels left.
You didn't know any spells.
Your spell library was empty.

Inventory:

Missiles
 o - 2 silver boomerangs
 x - a javelin (quivered)
 y - 7 boomerangs
Armour
 r - a +0 tower shield (worn)
Jewellery
 a - a ring of see invisible (left tentacle)
 g - an uncursed ring of ice
 h - an uncursed amulet of reflection
 j - an uncursed ring of see invisible
 k - a +4 ring of evasion (right tentacle)
 p - an amulet of guardian spirit (around mantle)
 q - an uncursed ring of fire {unknown}
 s - a +4 ring of slaying (on tentacle) {mikee}
 u - an uncursed ring of see invisible
 v - a ring of positive energy (on tentacle)
Scrolls
 b - a scroll of teleportation
 d - 4 scrolls of enchant weapon
 f - 5 scrolls of remove curse
 m - a scroll of silence {unknown}
 w - 2 scrolls of identify
Potions
 c - 2 potions of might
 i - 4 potions of curing
 l - a potion of heal wounds
 n - a potion of haste
 t - 2 potions of resistance
 z - a potion of mutation {unknown}
Comestibles
 e - 18 rations

Dungeon Overview and Level Annotations

Branches:
Dungeon (11/15)            Temple (0/1) D:5            Lair (2/6) D:11
    Orc (0/2) D:10
  Swamp: Lair:2-4    Shoals: Lair:2-4     Snake: Lair:2-4    Spider: Lair:2-4

Altars:
Cheibriados
Elyvilon
Gozag
Hepliaklqana
Ru
Uskayaw
Wu Jian
Xom
Yredelemnul
The Shining One

Shops:
D:8 [

Annotations:
D:2 Jessica
D:11 3 runed translucent doors, gbos's ghost, journeyman TrMo
Lair:2 1 transporter, gbos's ghost, journeyman DsBe


Message History

Trog accepts your kill.
There is an open door here.
You swap places.
The oklob plant spits acid at you. The splash of acid misses you.
Found three stone staircases leading down.
You see here a porcupine corpse.
The oklob plant spits acid at you. The splash of acid hits you!
You are splashed with acid!
The oklob plant spits acid at you. You block the splash of acid.
14767 ||| INVOKING Berserk.
A red film seems to cover your vision as you go berserk!
You feel yourself moving faster!
You feel mighty!
You feel a lot more hungry.
You feel a strong urge to attack something.
The oklob plant spits acid at you. The splash of acid hits you!
You are splashed with acid!
The oklob plant spits acid at you. The splash of acid hits you!
You die...

..................#
..................#
.................##
..##..............#
#.............##
#..######'######
...#P~~.....~~P# #.
#P~.....%.TP#
#P~.......@P#
#P~.......~P#
#P~.......~P#
#P~~.....~~P#
#####...##### #>>>#
####


You could see 3 oklob plants and a friendly iron troll (summoned, berserk).

Vanquished Creatures
  Snorg (D:11)
  A two-headed ogre (D:11)
  Pikel (D:9)
  An ugly thing (D:11)
  A centaur zombie (D:11)
  A centaur skeleton (D:10)
  A rime drake (Lair:1)
  2 komodo dragons
  A spiny frog (Lair:2)
  3 trolls
  Sigmund (D:2)
  A wraith (D:11)
  4 yaks (Lair:1)
  2 basilisks
  2 hungry ghosts (D:7)
  3 water moccasins
  An acid dragon (D:11)
  2 porcupines (Lair:2)
  A sky beast (D:6)
  2 phantoms (D:10)
  An ice beast (D:7)
  2 slaves (D:9)
  An orc warrior (D:8)
  7 centaurs
  3 ogres
  6 crocodiles
  4 big kobolds
  14 bullfrogs
  A gnoll sergeant (D:8)
  A wyvern skeleton (D:8)
  3 scorpions
  6 killer bees (D:11)
  2 howler monkeys
  4 crimson imps
  2 bullfrog zombies
  5 hounds
  9 orc wizards
  2 orc priests
  A gnoll shaman (D:6)
  5 jellies
  6 iguanas
  12 worker ants
  Terence (D:2)
  2 hound zombies
  2 worker ant zombies
  8 gnolls
  16 adders
  3 shadow imps
  An adder zombie (D:5)
  2 adder skeletons
  2 worms
  A dart slug (D:2)
  6 leopard geckos
  36 orcs
  A ball python (D:3)
  9 bats
  A giant cockroach (D:4)
  8 goblins
  9 hobgoblins
  7 jackals
  26 kobolds
  3 quokkas
  A ball python zombie (D:5)
  5 frilled lizards
  A jackal zombie (D:6)
  A quokka skeleton (D:5)
  6 rats
287 creatures vanquished.

Vanquished Creatures (collateral kills)
  A hydra (D:11)
  A porcupine (Lair:2)
  A kobold (D:11)
3 creatures vanquished.

Vanquished Creatures (others)
  A centaur (D:9)
1 creature vanquished.

Grand Total: 291 creatures vanquished

Notes
Turn   | Place    | Note
-------+----------+-------------------------------------------
     0 | D:1      | gbos the Octopode Berserker began the quest for the Orb.
     0 | D:1      | Reached XP level 1. HP: 16/16 MP: 1/1
     0 | D:1      | 0 ||| counter = 134
   297 | D:1      | Reached XP level 2. HP: 21/21 MP: 2/2
   901 | D:1      | Reached skill level 4 in Unarmed Combat
  1085 | D:1      | 1085 ||| READING scroll labeled CUWYEC LYRCH.
  1086 | D:1      | 1086 ||| READING scroll labeled NEV ODIUH SUBU.
  1087 | D:1      | 1087 ||| READING 2 scrolls labeled PUATIO VUEMAC.
  1088 | D:1      | 1088 ||| READING scroll labeled ZIJEUF IMAFUI.
  1089 | D:1      | 1089 ||| READING 2 scrolls labeled MAAZEA ORIUPH.
  1093 | D:1      | 1093 ||| READING 2 scrolls labeled QUKHLI FURASOT.
  1094 | D:1      | 1094 ||| DRINKING 2 murky black potions.
  1135 | D:1      | 1135 ||| DROPPING potion of lignification.
  1136 | D:1      | 1136 ||| DROPPING scroll of magic mapping.
  1146 | D:2      | Reached XP level 3. HP: 26/26 MP: 3/3
  1150 | D:2      | 1150 ||| INVOKING Berserk.
  1294 | D:2      | Found a glowing golden altar of the Shining One.
  1294 | D:2      | Noticed Jessica
  1357 | D:2      | Reached XP level 4. HP: 23/31 MP: 4/4
  1676 | D:2      | Reached ** piety under Trog
  1723 | D:2      | Reached skill level 5 in Unarmed Combat
  1733 | D:2      | Noticed Terence
  1744 | D:2      | Killed Terence
  1758 | D:2      | Noticed Sigmund
  1761 | D:2      | 1761 ||| INVOKING Berserk.
  1765 | D:2      | Killed Sigmund
  1765 | D:2      | Reached skill level 6 in Unarmed Combat
  1765 | D:2      | Reached XP level 5. HP: 31/36 MP: 5/5
  1765 | D:2      | Reached XP level 6. HP: 36/42 MP: 6/6
  1821 | D:2      | 1821 ||| EATING 3 rations.
  2002 | D:2      | 2002 ||| READING scroll labeled FOEMUE XUXOBB.
  2003 | D:2      | 2003 ||| READING scroll labeled HOFAIF COFY.
  2004 | D:2      | 2004 ||| READING scroll labeled FOZIGY JAGOT.
  2005 | D:2      | 2005 ||| DRINKING 2 glowing orange potions.
  2006 | D:2      | 2006 ||| DRINKING 2 lumpy cyan potions.
  2007 | D:2      | 2007 ||| READING scroll of identify.
  2007 | D:2      | 2007 ||| IDENTIFYING blackened bone ring
  2008 | D:2      | 2008 ||| UPGRADING to ring of see invisible.
  2009 | D:2      | 2009 ||| DROPPING potion of magic.
  2010 | D:2      | 2010 ||| DROPPING potion of degeneration.
  2572 | D:3      | 2572 ||| INVOKING Berserk.
  2578 | D:3      | Reached skill level 7 in Unarmed Combat
  2705 | D:3      | 2705 ||| INVOKING Berserk.
  3257 | D:3      | 3257 ||| DRINKING 2 brown potions.
  3451 | D:4      | Found an ornate altar of the Wu Jian Council.
  3452 | D:4      | Found a sacrificial altar of Ru.
  3468 | D:4      | Reached *** piety under Trog
  3468 | D:4      | Reached XP level 7. HP: 42/46 MP: 7/7
  3741 | D:4      | Reached skill level 8 in Unarmed Combat
  4303 | D:4      | 4303 ||| UPGRADING to lumpy cabochon amulet.
  4304 | D:4      | 4304 ||| UPGRADING to encrusted cabochon ring.
  4305 | D:4      | 4305 ||| REMOVING ring of wizardry.
  4306 | D:4      | 4306 ||| DROPPING ring of wizardry.
  4307 | D:4      | 4307 ||| UPGRADING to bronze ring.
  4308 | D:4      | 4308 ||| READING scroll labeled WABIOF CEAGH.
  4309 | D:4      | 4309 ||| DRINKING 2 fizzy cyan potions.
  4310 | D:4      | 4310 ||| READING 2 scrolls of identify.
  4310 | D:4      | 4310 ||| IDENTIFYING sedimented coppery potion
  4311 | D:4      | 4311 ||| DROPPING potion of flight.
  4323 | D:5      | Entered Level 5 of the Dungeon
  4366 | D:5      | 4366 ||| INVOKING Berserk.
  4414 | D:5      | 4414 ||| EATING 5 rations.
  4454 | D:5      | 4454 ||| INVOKING Berserk.
  4543 | D:5      | Reached XP level 8. HP: 52/54 MP: 8/8
  4583 | D:5      | Reached skill level 9 in Unarmed Combat
  4776 | D:5      | Found a basalt altar of Yredelemnul.
  4801 | D:5      | Found an opulent altar of Gozag.
  4894 | D:5      | 4894 ||| INVOKING Berserk.
  4935 | D:5      | 4935 ||| EATING 6 rations.
  5081 | D:5      | Found a staircase to the Ecumenical Temple.
  5083 | D:5      | 5083 ||| UPGRADING to twisted bone ring.
  5084 | D:5      | 5084 ||| REMOVING ring of ice.
  5085 | D:5      | 5085 ||| DRINKING 3 yellow potions.
  5269 | D:6      | 5269 ||| INVOKING Berserk.
  5372 | D:6      | Reached **** piety under Trog
  5535 | D:6      | 5535 ||| INVOKING Berserk.
  5831 | D:6      | 5831 ||| INVOKING Berserk.
  5835 | D:6      | Reached skill level 10 in Unarmed Combat
  5849 | D:6      | 5849 ||| EATING 8 rations.
  6094 | D:6      | 6094 ||| STAIRDANCE
  6137 | D:6      | 6137 ||| STAIRDANCE
  6154 | D:6      | 6154 ||| STAIRDANCE
  6209 | D:6      | Found a shimmering altar of Xom.
  6319 | D:6      | Found a hide-covered altar of Uskayaw.
  6521 | D:6      | Reached XP level 9. HP: 54/62 MP: 9/9
  6647 | D:6      | 6647 ||| UPGRADING to amulet of guardian spirit.
  6757 | D:7      | 6757 ||| Stepping ~*~*~tactically~*~*~ (outnumbered).
  6758 | D:7      | 6758 ||| Stepping ~*~*~tactically~*~*~ (outnumbered).
  6759 | D:7      | 6759 ||| Stepping ~*~*~tactically~*~*~ (outnumbered).
  6760 | D:7      | 6760 ||| Stepping ~*~*~tactically~*~*~ (outnumbered).
  6762 | D:7      | 6762 ||| Stepping ~*~*~tactically~*~*~ (outnumbered).
  6763 | D:7      | 6763 ||| Stepping ~*~*~tactically~*~*~ (outnumbered).
  6764 | D:7      | 6764 ||| Stepping ~*~*~tactically~*~*~ (outnumbered).
  6765 | D:7      | 6765 ||| Stepping ~*~*~tactically~*~*~ (outnumbered).
  6766 | D:7      | 6766 ||| Stepping ~*~*~tactically~*~*~ (outnumbered).
  6767 | D:7      | 6767 ||| Stepping ~*~*~tactically~*~*~ (outnumbered).
  6768 | D:7      | 6768 ||| Stepping ~*~*~tactically~*~*~ (outnumbered).
  6769 | D:7      | 6769 ||| Stepping ~*~*~tactically~*~*~ (outnumbered).
  6770 | D:7      | 6770 ||| Stepping ~*~*~tactically~*~*~ (outnumbered).
  6776 | D:7      | Reached skill level 6 in Fighting
  6781 | D:7      | 6781 ||| Stepping ~*~*~tactically~*~*~ (outnumbered).
  6782 | D:7      | 6782 ||| Stepping ~*~*~tactically~*~*~ (outnumbered).
  6795 | D:7      | 6795 ||| Stepping ~*~*~tactically~*~*~ (outnumbered).
  6796 | D:7      | 6796 ||| Stepping ~*~*~tactically~*~*~ (outnumbered).
  6797 | D:7      | 6797 ||| Stepping ~*~*~tactically~*~*~ (outnumbered).
  6798 | D:7      | 6798 ||| Stepping ~*~*~tactically~*~*~ (outnumbered).
  6803 | D:7      | 6803 ||| Stepping ~*~*~tactically~*~*~ (outnumbered).
  6805 | D:7      | 6805 ||| READING 2 scrolls of teleportation.
  6810 | D:7      | 6810 ||| EATING 7 rations.
  7450 | D:7      | Found a white marble altar of Elyvilon.
  7550 | D:7      | 7550 ||| INVOKING Berserk.
  7552 | D:7      | Reached skill level 11 in Unarmed Combat
  7569 | D:7      | 7569 ||| EATING 6 rations.
  7581 | D:7      | 7581 ||| READING scroll of teleportation.
  7586 | D:7      | 7586 ||| EATING 6 rations.
  7789 | D:7      | Found a hazy altar of Hepliaklqana.
  8204 | D:7      | 8204 ||| UPGRADING to lumpy ruby amulet.
  8206 | D:7      | 8206 ||| READING 3 scrolls of remove curse.
  8207 | D:7      | 8207 ||| REMOVING amulet of inaccuracy.
  8208 | D:7      | 8208 ||| UPGRADING to amulet of reflection.
  8209 | D:7      | 8209 ||| UPGRADING to amulet of guardian spirit.
  8292 | D:7      | 8292 ||| DROPPING amulet of inaccuracy.
  8293 | D:7      | 8293 ||| READING 2 scrolls of identify.
  8293 | D:7      | 8293 ||| IDENTIFYING ring of see invisible
  8403 | D:8      | 8403 ||| INVOKING Berserk.
  8414 | D:8      | Reached ***** piety under Trog
  8694 | D:8      | 8694 ||| INVOKING Berserk.
  8740 | D:8      | 8740 ||| Stepping ~*~*~tactically~*~*~ (outnumbered).
  8741 | D:8      | 8741 ||| Stepping ~*~*~tactically~*~*~ (outnumbered).
  8743 | D:8      | 8743 ||| Stepping ~*~*~tactically~*~*~ (outnumbered).
  8744 | D:8      | 8744 ||| Stepping ~*~*~tactically~*~*~ (outnumbered).
  8746 | D:8      | 8746 ||| Stepping ~*~*~tactically~*~*~ (outnumbered).
  8747 | D:8      | 8747 ||| Stepping ~*~*~tactically~*~*~ (outnumbered).
  8748 | D:8      | 8748 ||| Stepping ~*~*~tactically~*~*~ (outnumbered).
  8750 | D:8      | 8750 ||| Stepping ~*~*~tactically~*~*~ (outnumbered).
  8753 | D:8      | Received a gift from Trog
  8758 | D:8      | Reached XP level 10. HP: 50/71 MP: 6/10
  9147 | D:8      | Found Zysesal's Armour Boutique.
  9232 | D:8      | Reached skill level 12 in Unarmed Combat
  9357 | D:8      | 9357 ||| UPGRADING to +0 buckler.
  9362 | D:8      | 9362 ||| UPGRADING to small bronze ring.
  9363 | D:8      | 9363 ||| READING scroll labeled QECLAIF OSAWA.
  9485 | D:8      | 9485 ||| READING scroll labeled FYDAJIC VECEI.
  9486 | D:8      | 9486 ||| READING 2 scrolls of identify.
  9486 | D:8      | 9486 ||| IDENTIFYING coppery potion
  9487 | D:8      | 9487 ||| DROPPING potion of ambrosia.
  9650 | D:9      | Noticed Pikel
  9669 | D:9      | Killed Pikel
  9669 | D:9      | Reached skill level 3 in Shields
  9673 | D:9      | 9673 ||| INVOKING Berserk.
  9758 | D:9      | Found a shimmering altar of Xom.
  9775 | D:9      | 9775 ||| INVOKING Berserk.
 10184 | D:9      | Found a snail-covered altar of Cheibriados.
 10207 | D:10     | Entered Level 10 of the Dungeon
 10486 | D:10     | 10486 ||| INVOKING Berserk.
 10811 | D:10     | 10811 ||| Stepping ~*~*~tactically~*~*~ (outnumbered).
 10867 | D:10     | 10867 ||| INVOKING Berserk.
 10911 | D:10     | 10911 ||| EATING 14 rations.
 11096 | D:10     | 11096 ||| Stepping ~*~*~tactically~*~*~ (outnumbered).
 11097 | D:10     | 11097 ||| Stepping ~*~*~tactically~*~*~ (outnumbered).
 11098 | D:10     | 11098 ||| Stepping ~*~*~tactically~*~*~ (outnumbered).
 11099 | D:10     | 11099 ||| Stepping ~*~*~tactically~*~*~ (outnumbered).
 11235 | D:10     | Found a staircase to the Orcish Mines.
 11279 | D:10     | Reached skill level 6 in Dodging
 11588 | D:10     | 11588 ||| READING scroll of identify.
 11588 | D:10     | 11588 ||| IDENTIFYING ring of see invisible
 11847 | D:11     | 11847 ||| Stepping ~*~*~tactically~*~*~ (outnumbered).
 11848 | D:11     | 11848 ||| Stepping ~*~*~tactically~*~*~ (outnumbered).
 11849 | D:11     | 11849 ||| Stepping ~*~*~tactically~*~*~ (outnumbered).
 11853 | D:11     | 11853 ||| Stepping ~*~*~tactically~*~*~ (outnumbered).
 11853 | D:11     | Noticed a five-headed hydra
 11857 | D:11     | 11857 ||| INVOKING Brothers in Arms.
 11859 | D:11     | 11859 ||| INVOKING Berserk.
 11861 | D:11     | Killed a five-headed hydra
 11974 | D:11     | 11974 ||| INVOKING Berserk.
 11995 | D:11     | Noticed a cyan ugly thing
 12001 | D:11     | HP: 15/72 [cyan ugly thing (11)]
 12002 | D:11     | 12002 ||| DRINKING 3 potions of heal wounds.
 12005 | D:11     | 12005 ||| DRINKING 2 potions of heal wounds.
 12007 | D:11     | Killed a cyan ugly thing
 12007 | D:11     | Reached XP level 11. HP: 49/77 MP: 2/11
 12100 | D:11     | 12100 ||| EATING 14 rations.
 12164 | D:11     | 12164 ||| INVOKING Berserk.
 12170 | D:11     | Reached skill level 13 in Unarmed Combat
 12232 | D:11     | 12232 ||| INVOKING Berserk.
 12441 | D:11     | Noticed Snorg
 12442 | D:11     | 12442 ||| INVOKING Brothers in Arms.
 12445 | D:11     | 12445 ||| INVOKING Berserk.
 12452 | D:11     | Killed Snorg
 12452 | D:11     | Reached skill level 9 in Fighting
 12630 | D:11     | Found a runed translucent gate.
 12630 | D:11     | Found a runed translucent gate.
 12630 | D:11     | Found a runed translucent gate.
 12677 | D:11     | Noticed a two-headed ogre
 12683 | D:11     | Killed a two-headed ogre
 12877 | D:11     | Found a staircase to the Lair.
 12978 | D:11     | 12978 ||| EATING 15 rations.
 13413 | D:11     | Noticed gbos's ghost (journeyman TrMo)
 13416 | D:11     | 13416 ||| UPGRADING to tower shield.
 13426 | D:11     | 13426 ||| INVOKING Berserk.
 13432 | D:11     | 13432 ||| READING 2 scrolls of teleportation.
 13433 | D:11     | 13433 ||| DROPPING +0 buckler.
 13456 | D:11     | 13456 ||| UPGRADING to gilded ring.
 13457 | D:11     | 13457 ||| READING scroll labeled OGIXUA DO PIXI.
 13458 | D:11     | 13458 ||| READING scroll labeled TESKIN OPROSUG.
 13459 | D:11     | 13459 ||| DRINKING 2 cyan potions.
 13460 | D:11     | 13460 ||| DRINKING 2 golden potions.
 13461 | D:11     | 13461 ||| DROPPING potion of brilliance.
 13510 | Lair:1   | Entered Level 1 of the Lair of Beasts
 13511 | Lair:1   | 13511 ||| Entered L.
 13697 | Lair:1   | 13697 ||| Stepping ~*~*~tactically~*~*~ (outnumbered).
 13698 | Lair:1   | 13698 ||| Stepping ~*~*~tactically~*~*~ (outnumbered).
 13699 | Lair:1   | 13699 ||| Stepping ~*~*~tactically~*~*~ (outnumbered).
 13701 | Lair:1   | 13701 ||| Stepping ~*~*~tactically~*~*~ (outnumbered).
 14007 | Lair:1   | 14007 ||| INVOKING Berserk.
 14009 | Lair:1   | Reached skill level 6 in Shields
 14414 | Lair:1   | 14414 ||| READING scroll labeled ASMAQI YTESEVA.
 14415 | Lair:1   | 14415 ||| READING 3 scrolls of identify.
 14415 | Lair:1   | 14415 ||| IDENTIFYING fizzy pink potion
 14416 | Lair:1   | 14416 ||| READING 2 scrolls of identify.
 14416 | Lair:1   | 14416 ||| IDENTIFYING viscous silvery potion
 14417 | Lair:1   | 14417 ||| DROPPING potion of berserk rage.
 14567 | Lair:2   | Found a transporter.
 14620 | Lair:2   | Noticed gbos's ghost (journeyman DsBe)
 14631 | Lair:2   | 14631 ||| INVOKING Berserk.
 14633 | Lair:2   | 14633 ||| EATING 19 rations.
 14757 | Lair:2   | Noticed an oklob plant
 14757 | Lair:2   | Noticed an oklob plant
 14757 | Lair:2   | Noticed an oklob plant
 14762 | Lair:2   | 14762 ||| INVOKING Brothers in Arms.
 14763 | Lair:2   | Noticed an oklob plant
 14767 | Lair:2   | 14767 ||| INVOKING Berserk.
 14768 | Lair:2   | HP: 25/120 [oklob plant/splash of acid (11)]
 14768 | Lair:2   | Killed from afar by an oklob plant

Levels and vault maps discovered:
D:1:      dpeg_arrival_signposts, layout_basic
D:2:      layout_rooms, tso_metal_star, first_ration, minmay_tall_x,
          uniq_terence, uniq_jessica, uniq_sigmund
D:3:      layout_loops_corners
D:4:      layout_loops_cross, gammafunk_temple_overflow_statue
D:5:      layout_basic, nicolae_gozag_cash_rules_everything_around_me,
          kennysheep_mini, lemuel_temple_firewalk_a, minivault_14
D:6:      layout_loops_corners, lemuel_crystal_altar, grunt_decor_resistance,
          lemuel_statue_altar
D:7:      layout_basic, overflow_temple_1_default, overflow_temple_1_default
D:8:      layout_basic, serial_shops, nicolae_shop_window_shopping
D:9:      layout_cave_pools, overflow_temple_1_default, lemuel_round_altar,
          uniq_pikel
D:10:     layout_loops_corners, orc_0_dummy
D:11:     layout_irregular_city, lair_entry_dummy, gammafunk_ghost_icy,
          uniq_snorg
Lair:1:   layout_roguey, grunt_megastairs_5
Lair:2:   dpeg_oklob_gauntlet, layout_regular_city, gammafunk_ghost_hive

Skill      XL: |  1  2  3  4  5  6  7  8  9 10 11 |
---------------+----------------------------------+-----
Unarmed Combat | 4 6 7 8 10 11 12 13 | 13.5
Fighting       | 4 5 7 8 9 |  9.4
Dodging        | 4 5 6 |  6.1
Shields        | 4 7 |  7.4

Action                   |  1- 3 |  4- 6 |  7- 9 | 10-12 || total
-------------------------+-------+-------+-------+-------++-------
Melee: Unarmed           |    59 |    81 |   281 |   288 ||   709
       Constrict         |    23 |    23 |    66 |    43 ||   155
       Tentacles         |    11 |    12 |    67 |    66 ||   156
       Punch             |       |     3 |    29 |    36 ||    68
Throw: Javelin           |       |       |    47 |    45 ||    92
       Boomerang         |       |       |       |     9 ||     9
Invok: Berserk           |     1 |     3 |     9 |    13 ||    26
       Brothers in Arms  |       |       |       |     3 ||     3
  Use: Scroll            |     6 |     4 |     6 |    10 ||    26
       Potion            |     1 |     3 |     2 |     4 ||    10
 Stab: Sleeping          |     1 |     3 |       |       ||     4
  Eat: Chunk             |     2 |     6 |    12 |    19 ||    39
       Ration            |       |     1 |     5 |     4 ||    10
Armor: Skin              |     4 |     3 |     9 |     5 ||    21
Dodge: Dodged            |    24 |    33 |   199 |   170 ||   426
Block: Other             |       |       |    19 |       ||    19
       Buckler           |       |       |       |    37 ||    37
       Tower shield      |       |       |       |    19 ||    19
